 Dungeon Crawl Stone Soup version 0.23.2-40-g277498a (webtiles) character file.

Game seed: 16995976771002577627

868 CrazyJ the Caller (level 7, 0/51 HPs)
             Began as a Red Draconian Summoner on Sept 15, 2019.
             Was an Initiate of Hepliaklqana.
             Slain by an ice beast (13 damage)
             ... on level 5 of the Dungeon.
             The game lasted 00:34:48 (6160 turns).

CrazyJ the Caller (Red Draconian Summoner)          Turns: 6160, Time: 00:34:49

Health: 0/51       AC:  7    Str: 10    XL:     7   Next: 73%
Magic:  4/12       EV: 13    Int: 18    God:    Hepliaklqana [......]
Gold:   236        SH:  0    Dex: 11    Spells: 4/13 levels left

rFire    + . .     SeeInvis .   x - +0 trident
rCold    . . .     Gourm    .   (no shield)
rNeg     . . .     Faith    .   (armour unavailable)
rPois    .         Spirit   .   (helmet restricted)
rElec    .         Reflect  .   (no cloak)
rCorr    .         Harm     .   e - +0 pair of gloves
MR       .....                  (no boots)
Stlth    ++........             (no amulet)
HPRegen  0.17/turn              (no ring)
MPRegen  0.13/turn              (no ring)

@: short of breath, slowed, very slow
A: breathe fire, unfitting armour, reduced essence, fire resistance 1,
cold-blooded, AC +6
a: Breathe Fire, Recall Ancestor, Ancestor Identity, Renounce Religion


You were on level 5 of the Dungeon.
You worshipped Hepliaklqana.
Hepliaklqana was noncommittal.
You were hungry.

You visited 2 branches of the dungeon, and saw 6 of its levels.

You collected 236 gold pieces.

Inventory:

Hand Weapons
 j - a +2 short sword of venom
 x - a +0 trident (weapon)
Missiles
 f - 128 stones (quivered)
 y - 38 poisoned needles
Armour
 e - a +0 pair of gloves (worn)
Wands
 p - a wand of paralysis (11)
 q - a wand of acid (8)
 C - a wand of iceblast (9)
 E - a wand of polymorph (10)
Scrolls
 a - a scroll of vulnerability {unknown}
 c - 2 scrolls of identify {unknown}
 g - 3 scrolls of amnesia {unknown}
 i - 4 scrolls of remove curse
 k - 2 scrolls of fear {unknown}
 o - a scroll of magic mapping {unknown}
 r - a scroll of fog {unknown}
 B - a scroll of teleportation {unknown}
Potions
 h - a potion of lignification {unknown}
 l - 2 potions of brilliance {unknown}
 m - a potion of resistance {unknown}
 n - 2 potions of agility {unknown}
 s - a potion of flight {unknown}
 t - a potion of curing {unknown}
 u - a potion of cancellation {unknown}
 v - a potion of berserk rage {unknown}
Comestibles
 b - 6 rations
 d - a chunk of flesh


   Skills:
 + Level 3.3 Fighting
 + Level 3.1 Polearms
 + Level 3.4 Dodging
 - Level 1.9 Stealth
 + Level 3.6 Spellcasting
 + Level 2.1 Hexes
 * Level 6.3 Summonings


You had 4 spell levels left.
You knew the following spells:

 Your Spells              Type           Power        Failure   Level  Hunger
a - Summon Small Mammal   Summ           ####         1%          1    None
b - Call Imp              Summ           ####....     1%          2    ##.....
c - Call Canine Familiar  Summ           ####....     3%          3    ###....
d - Summon Guardian Gole  Hex/Summ       ###.....     9%          3    ###....

Your spell library contained the following spells:

 Spells                   Type           Power        Failure   Level  Hunger
 Corona                   Hex            ##.....      6%          1    None
 Ensorcelled Hibernation  Hex/Ice        #.....       16%         2    ##.....
 Confuse                  Hex            ##......     19%         3    ###....
 Tukima's Dance           Hex            ##......     19%         3    ###....
 Dazzling Spray           Conj/Hex       #.....       30%         3    ###....
 Summon Ice Beast         Ice/Summ       ##......     38%         4    ####...
 Summon Lightning Spire   Summ/Air       ##......     38%         4    ####...
 Ice Form                 Ice/Tmut       #.......     83%         4    ####...
 Metabolic Englaciation   Hex/Ice        #.........   95%         5    ######.
 Bolt of Cold             Conj/Ice       #.........   100%        6    #######
 Freezing Cloud           Conj/Ice/Air   #.........   100%        6    #######
 Ozocubu's Refrigeration  Ice            #.........   100%        6    #######
 Simulacrum               Ice/Necr       #.........   100%        6    #######


Dungeon Overview and Level Annotations

Branches:
Dungeon (5/15)             Temple (1/1) D:4

Altars:
Ashenzari
Dithmenos
Elyvilon
Gozag
Hepliaklqana
Kikubaaqudgha
Makhleb
Okawaru
Qazlal
Ru
Sif Muna
Trog
Uskayaw
Wu Jian
Yredelemnul

Annotations:
D:5 Eustachio


Innate Abilities, Weirdness & Mutations

You can breathe blasts of fire.
Your fiery red scales are hard. (AC +6)
You cannot fit into any form of body armour.
Your flesh is heat resistant. (rF+)
You are cold-blooded and may be slowed by cold attacks.
Your life essence is reduced to manifest your ancestor. (-10% HP)


Message History

Okay, then.
Okay, then.
As you read the scroll labeled AMUMISOANTO, it crumbles to dust.
You feel blessed for a moment.
It was a scroll of remove curse.
The ufetubus hits you.
* * * LOW HITPOINT WARNING * * *
The ufetubus closely misses you. The ufetubus barely misses you. x2
Your hound bites the ice beast.
Eustachio gestures wildly while chanting.
Your crimson imp hits the ice beast.
The ufetubus hits you but does no damage.
The ufetubus closely misses you.
The ufetubus hits you but does no damage.
The ufetubus misses you.
Your hound closely misses the ice beast.
The ice beast hits you.
* * * LOW HITPOINT WARNING * * *
The ice beast freezes you!
You feel as though you will be slow longer.
You die...

...#........#...........#...
...........###..........#
... ...........#
#.#.....##......
...........# #.#.....##....
#
.......#######.#............
.....###...>....5......#....
..........#.....r###...#
..........#....5@# ####
..........#....5@#
..........#...5.Y########
##........#....85h.......
.#........#.....5........
.#........#..............
.#........#..............
.#........#######........
.#######'## #........
.#######.########........


You could see Eustachio, an ice beast, 2 white imps, 2 ufetubi, a quokka, a
friendly guardian golem, a friendly hound, a friendly crimson imp and a friendly
white imp.

Vanquished Creatures
  Pikel (D:4)
  A phantom (D:4)
  A bullfrog skeleton (D:4)
  An orc priest (D:3)
  An orc wizard (D:4)
  An iguana (D:5)
  An adder (D:2)
  An ooze (D:2)
  A worm (D:2)
  A dart slug (D:3)
  2 leopard geckos
  4 orcs
  2 giant cockroaches
  9 goblins
  6 hobgoblins
  10 jackals (D:2)
  3 kobolds
  2 quokkas
  3 bats
  3 frilled lizards
  7 rats
61 creatures vanquished.

Vanquished Creatures (collateral kills)
  An ogre (D:4)
  A scorpion (D:4)
  2 crimson imps (D:5)
  A jelly (D:5)
  An orc wizard (D:3)
  3 worker ants (D:5)
  Robin (D:4)
  2 adders
  An ooze (D:1)
  An adder zombie (D:5)
  A worm (D:3)
  5 dart slugs
  9 orcs
  A giant cockroach (D:2)
  7 goblins
  5 hobgoblins
  4 jackals (D:2)
  A kobold (D:2)
  A quokka (D:2)
  A bat (D:2)
49 creatures vanquished.

Vanquished Creatures (others)
  Ijyb (D:4)
1 creature vanquished.

Grand Total: 111 creatures vanquished

Notes
Turn   | Place    | Note
-------+----------+-------------------------------------------
     0 | D:1      | CrazyJ the Draconian Summoner began the quest for the Orb.
     0 | D:1      | Reached XP level 1. HP: 14/14 MP: 3/3
   248 | D:1      | Reached XP level 2. HP: 17/20 MP: 3/5
   271 | D:1      | Learned a level 2 spell: Call Imp
   627 | D:1      | Reached skill level 1 in Polearms
  1158 | D:2      | Reached XP level 3. HP: 22/27 MP: 1/6
  1175 | D:2      | Found a hide-covered altar of Uskayaw.
  1524 | D:2      | Reached skill level 1 in Fighting
  1622 | D:2      | Learned a level 3 spell: Call Canine Familiar
  1740 | D:2      | Reached XP level 4. HP: 35/35 MP: 7/7
  2814 | D:3      | Reached skill level 5 in Summonings
  3327 | D:3      | Reached XP level 5. HP: 40/40 MP: 4/8
  3370 | D:3      | Learned a level 3 spell: Summon Guardian Golem
  3771 | D:4      | Noticed a phantom
  3803 | D:4      | Killed a phantom
  4086 | D:4      | Reached XP level 6. HP: 46/48 MP: 5/10
  4178 | D:4      | Found a sacrificial altar of Ru.
  4194 | D:4      | Found a shattered altar of Ashenzari.
  4279 | D:4      | Noticed a slave
  4280 | D:4      | Noticed a slave
  4286 | D:4      | Noticed Pikel
  4286 | D:4      | Noticed a slave
  4286 | D:4      | Noticed a slave
  4314 | D:4      | Killed Pikel
  4314 | D:4      | Reached skill level 1 in Hexes
  4314 | D:4      | Your scales start taking on a fiery red colour.
  4314 | D:4      | Reached XP level 7. HP: 52/56 MP: 4/12
  4314 | D:4      | Gained mutation: Your flesh is heat resistant. (rF+) [Red
                  | Draconian growth]
  4393 | D:4      | Found a deep blue altar of Sif Muna.
  4471 | D:4      | Noticed Robin
  4485 | D:4      | Reached skill level 6 in Summonings
  4493 | D:4      | Killed Robin
  4577 | D:4      | Killed Ijyb
  4678 | D:4      | Found a staircase to the Ecumenical Temple.
  4706 | Temple   | Entered the Ecumenical Temple
  4756 | Temple   | Became a worshipper of Hepliaklqana the Forgotten
  4828 | D:4      | Found an iron altar of Okawaru.
  4945 | D:5      | Entered Level 5 of the Dungeon
  5520 | D:5      | Found an iron altar of Okawaru.
  5581 | D:5      | Found a bloodstained altar of Trog.
  5898 | D:5      | Found a stormy altar of Qazlal.
  6144 | D:5      | Noticed Eustachio
  6160 | D:5      | Slain by an ice beast

Skill      XL: |  1  2  3  4  5  6  7 |
---------------+----------------------+-----
Dodging        | 2 3 |  3.4
Polearms       | 1 2 3 |  3.1
Fighting       | 1 2 3 |  3.3
Summonings     | 5 6 |  6.3
Spellcasting   | 3 |  3.6
Hexes          | 1 2 |  2.1
Stealth        | |  1.9

Action                   |  1- 3 |  4- 6 |  7- 9 || total
-------------------------+-------+-------+-------++-------
Melee: Spear             |   147 |   117 |       ||   264
       Tailslap          |    12 |    13 |     2 ||    27
       Trident           |       |    12 |    28 ||    40
 Cast: Summon Small Mamm |     7 |     2 |       ||     9
       Call Imp          |    11 |    10 |     5 ||    26
       Call Canine Famil |       |    14 |     6 ||    20
       Summon Guardian G |       |       |     3 ||     3
 Abil: Breathe Fire      |       |       |     1 ||     1
Evoke: Wand              |       |     1 |       ||     1
  Use: Potion            |     2 |       |       ||     2
       Scroll            |       |       |     1 ||     1
 Stab: Distracted        |       |     2 |     2 ||     4
       Sleeping          |       |     1 |       ||     1
  Eat: Chunk             |     4 |    10 |     3 ||    17
       Ration            |       |       |     1 ||     1
Armor: Skin              |    42 |    54 |    22 ||   118
Dodge: Dodged            |   106 |    90 |    49 ||   245
